 Dungeon Crawl Stone Soup version 0.24-a0-809-g71cb82dfb8 (webtiles) character file.

Game seed: 6420878458230751056, levelgen mode: deterministic

275 Johnny the Digger (level 5, -3/42 HPs)
             Began as a Demigod Earth Elementalist on Oct 10, 2019.
             Slain by Grinder (5 damage)
             ... on level 3 of the Dungeon.
             The game lasted 00:03:40 (3182 turns).

Johnny the Digger (Demigod Earth Elementalist)      Turns: 3182, Time: 00:03:41

Health: -3/42      AC:  4    Str: 11    XL:     5   Next: 73%
Magic:  6/12       EV: 12    Int: 21    God:
Gold:   104        SH:  0    Dex: 16    Spells: 9/10 levels left

rFire    + . .     SeeInvis .   n - +1 scimitar
rCold    . . .     Gourm    .   (no shield)
rNeg     . . .     Faith    .   h - +2 robe {rF+}
rPois    .         Spirit   .   (no helmet)
rElec    .         Reflect  .   (no cloak)
rCorr    .         Harm     .   (no gloves)
MR       .....                  (no boots)
Stlth    ++........             (no amulet)
HPRegen  0.14/turn              (no ring)
MPRegen  0.13/turn              (no ring)

@: no status effects
A: high mp 1
a: no special abilities


You were on level 3 of the Dungeon.
You were not hungry.

You visited 1 branch of the dungeon, and saw 3 of its levels.

You collected 104 gold pieces.

Inventory:

Hand Weapons
 n - a +1 scimitar (weapon)
Missiles
 b - 96 stones (quivered)
Armour
 h - a +2 robe of fire resistance (worn)
Scrolls
 a - a scroll of enchant weapon
 i - a scroll of remove curse
 m - a scroll of teleportation
Comestibles
 c - a chunk of flesh
 d - 7 rations


   Skills:
 + Level 2.5 Fighting
 - Level 1.7 Dodging
 - Level 1.7 Stealth
 + Level 3.0 Spellcasting
   Level 0.8 Transmutations
 * Level 4.7 Earth Magic


You had 9 spell levels left.
You knew the following spells:

 Your Spells              Type           Power        Failure   Level  Hunger
a - Sandblast             Erth           ###...       1%          1    None

Your spell library contained the following spells:

 Spells                   Type           Power        Failure   Level  Hunger
 Passwall                 Tmut/Erth      ###.....     6%          2    ##.....
 Stone Arrow              Conj/Erth      ##....       16%         3    ###....
 Petrify                  Tmut/Erth      ###.....     38%         4    ####...
 Lee's Rapid Deconstruct  Erth           ###.......   45%         5    ######.


Dungeon Overview and Level Annotations

Branches:
Dungeon (3/15)

Annotations:
D:3 Grinder, Natasha


Innate Abilities, Weirdness & Mutations

You have an increased reservoir of magic. (+10% MP)


Message History

Aim: Grinder (heavily wounded)
The blast of sand hits Grinder!
Grinder is severely wounded.
b - 97 stones Grinder hits you but does no damage.
Unknown command.
You aren't carrying any potions.
Unknown command.
Casting: Sandblast (safe; 1% risk of failure)
Confirm with . or Enter, or press ? or * to list all spells.
Aiming: Sandblast (safe; 1% risk of failure)
Press: ? - help, Shift-Dir - straight line, f/p - Grinder
Aim: Grinder (severely wounded)
The blast of sand hits Grinder.
Grinder is severely wounded.
b - 96 stones Grinder hits you!
* * * LOW HITPOINT WARNING * * *
You writhe in agony.
You die...

............#####
................#
................#
...... #......<.#
...... ....##.###
.##..# # #.## ## #.#
#..## ####.# ##..###
.....# ##.@.#
.....############5#
..........5...รท...#
........###########
......#..##
......##..# ......#
#.# ......# #.#
......# #.# #####


You could see Grinder.

Vanquished Creatures
  2 orc wizards (D:3)
  Jessica (D:3)
  Terence (D:3)
  Natasha (D:3)
  7 adders
  An ooze (D:1)
  2 worms (D:2)
  3 leopard geckos
  9 orcs (D:3)
  6 bats
  2 giant cockroaches (D:2)
  3 goblins
  4 hobgoblins (D:2)
  5 jackals (D:1)
  A ball python (D:2)
  3 frilled lizards
  5 kobolds
  6 rats
62 creatures vanquished.

Notes
Turn   | Place    | Note
-------+----------+-------------------------------------------
     0 | D:1      | Johnny the Demigod Earth Elementalist began the quest for
                  | the Orb.
     0 | D:1      | Reached XP level 1. HP: 14/14 MP: 5/5
   347 | D:1      | Reached skill level 3 in Earth Magic
   392 | D:1      | Reached XP level 2. HP: 16/22 MP: 1/7
   857 | D:2      | Reached skill level 1 in Fighting
   857 | D:2      | Reached XP level 3. HP: 13/28 MP: 2/8
  1743 | D:2      | Reached XP level 4. HP: 23/35 MP: 8/10
  1808 | D:2      | Found a faded altar of an unknown god.
  1958 | D:3      | Noticed Natasha
  1958 | D:3      | Noticed Jessica
  1993 | D:3      | Killed Natasha
  1993 | D:3      | Reached skill level 4 in Earth Magic
  1994 | D:3      | Noticed Grinder
  2203 | D:3      | Reached XP level 5. HP: 24/41 MP: 4/11
  2376 | D:3      | Noticed Terence
  2376 | D:3      | Noticed Natasha
  2398 | D:3      | Killed Terence
  2429 | D:3      | Killed Jessica
  3175 | D:3      | Paralysed by Grinder for 4 turns
  3182 | D:3      | HP: 2/42 [Grinder (8)]
  3182 | D:3      | Slain by Grinder

Levels and vault maps discovered:
D:1:      dpeg_arrival_rooms_c, layout_basic
D:2:      layout_rooms, first_ration, chequers_ecumenical_altar_twisty,
          kennysheep_generic_room_11
D:3:      layout_rooms, gammafunk_temple_overflow_claw,
          nicolae_dithmenos_through_a_glass_darkly, uniq_grinder, uniq_terence,
          uniq_natasha, uniq_jessica

Skill      XL: |  1  2  3  4  5 |
---------------+----------------+-----
Earth Magic    | 3 4 |  4.7
Spellcasting   | 2 3 |  3.0
Fighting       | 1 2 |  2.5
Dodging        | |  1.7
Stealth        | |  1.7
Transmutations | |  0.8

Action                   |  1- 3 |  4- 6 || total
-------------------------+-------+-------++-------
Melee: Unarmed           |    21 |       ||    21
       Scimitar          |    21 |    33 ||    54
 Cast: Sandblast         |    37 |    52 ||    89
  Use: Potion            |       |     5 ||     5
       Scroll            |       |     8 ||     8
 Stab: Sleeping          |     5 |     4 ||     9
  Eat: Chunk             |     2 |     5 ||     7
Armor: Robe              |    17 |     6 ||    23
Dodge: Dodged            |    43 |    46 ||    89
       Rpst.: Scimitar   |     8 |    14 ||    22

Table legend:
 A = Non-vault XP
 B = Vault XP
 C = Vault XP percentage of total XP
 D = Non-vault monster count
 E = Vault monster count
 F = Vault count percentage of total count
                 A         B        C        D         E       F
            +---------+---------+-------+---------+---------+-------
      Total |     285 |     109 |  27.7 |      58 |       4 |   6.5
            +---------+---------+-------+---------+---------+-------
        D:1 |      34 |       0 |   0.0 |      15 |       0 |   0.0
        D:2 |     101 |       1 |   1.0 |      22 |       1 |   4.3
        D:3 |     150 |     108 |  41.9 |      21 |       3 |  12.5
            +---------+---------+-------+---------+---------+-------
